 Dungeon Crawl Stone Soup version 0.32-a0-656-g3542139ebd (webtiles) character file.

Game seed: 11249751192153371029

2745 seaoflcl the Cleaver (level 9, 0/69 (75) HPs)
             Began as a Minotaur Berserker on Mar 8, 2024.
             Was an Elder of Trog.
             Slain by a wight
             ... wielding a +3 morningstar
              (3 damage)
             ... on level 8 of the Dungeon.
             The game lasted 00:14:50 (8995 turns).

seaoflcl the Cleaver (Minotaur Berserker)           Turns: 8995, Time: 00:14:52

HP:   0/69 (75)     AC: 16    Str: 26    XL:     9   Next: 41%
MP:   8/8           EV:  9    Int:  4    God:    Trog [****..]
Gold: 372           SH:  5    Dex: 16    Spells: 8/8 levels left

rFire   + . .        y - +0 battleaxe
rCold   . . .        (shield currently unavailable)
rNeg    . . .        B - +0 plate armour
rPois   .            (helmet restricted)
rElec   .            w - +0 cloak
rCorr   .            J - +1 pair of gloves {Stlth+}
SInv    .            (no boots)
Will    ++...        j - amulet of reflection Stlth
                     g - ring of protection from fire
HPRegen 1.31/turn    H - +6 ring of dexterity
MPRegen 0.11/turn

%: reflection
@: strong-willed, on berserk cooldown, regenerating, slowed, drained, very slow
A: horns 2, retaliatory headbutt
a: Renounce Religion, Berserk, Trog's Hand, Brothers in Arms


You were on level 8 of the Dungeon.
You worshipped Trog.
Trog was greatly pleased with you.
You visited 2 branches of the dungeon, and saw 9 of its levels.
You also visited: Sewer.

You collected 372 gold pieces.

Inventory:

Hand Weapons
 a - a +0 hand axe
 p - a +2 short sword of flaming
 y - a +0 battleaxe (weapon)
 F - a +3 trident of draining
 G - a +1 antimagic hand axe
Missiles
 x - 16 poisoned darts (quivered)
Armour
 c - a +3 ring mail
 w - a +0 cloak (worn)
 B - a +0 plate armour (worn)
 J - a +1 pair of gloves of stealth (worn)
Jewellery
 g - a ring of protection from fire (left hand)
 j - an amulet of reflection (around neck)
 H - a +6 ring of dexterity (right hand)
Talismans
 i - a serpent talisman
 m - a blade talisman
 n - a beast talisman
 o - a flux talisman
Wands
 f - a wand of roots (10)
 I - a wand of flame (8)
Scrolls
 b - 2 scrolls of enchant armour {unknown}
 d - 4 scrolls of enchant weapon
 e - a scroll of fear {unknown}
 k - 2 scrolls of fog {unknown}
 l - 2 scrolls of noise
 q - a scroll of identify
 s - a scroll of brand weapon {unknown}
 t - 2 scrolls of revelation {unknown}
 C - a scroll of acquirement
 D - a scroll of butterflies {unknown}
Potions
 h - a potion of berserk rage
 r - 2 potions of brilliance
 u - 2 potions of curing
 v - 2 potions of invisibility
 z - a potion of haste {unknown}
 A - a potion of heal wounds {unknown}
 E - 2 potions of might {unknown}


   Skills:
 + Level 5.8 Fighting
 * Level 5.1 Short Blades
 * Level 11.2 Axes
 * Level 2.3 Throwing
 + Level 6.3 Armour
 + Level 3.5 Dodging
 + Level 1.4 Stealth
 + Level 3.1 Shields


You had 8 spell levels left.
You didn't know any spells.
Your spell library was empty.

Dungeon Overview and Level Annotations

Branches:
Dungeon (8/15)             Temple (1/1) D:4           Sewer (visited)
   Lair: D:8-11

Altars:
Ashenzari
Cheibriados
Dithmenos
Elyvilon
Fedhas
Gozag
Hepliaklqana
Makhleb
Nemelex Xobeh
Okawaru
Ru
Sif Muna
Trog
Uskayaw
Vehumet
Xom
Yredelemnul
Zin
The Shining One

Annotations:
D:2 1 runed translucent door, Crazy Yiuf


Innate Abilities, Weirdness & Mutations

You have a pair of horns on your head.
You reflexively headbutt those who attack you in melee.


Message History

A red film seems to cover your vision as you go berserk!
You feel yourself moving faster!
You feel mighty! You block the kobold brigand's attack.
The wight hits you from afar with a +5 spear of freezing!
* * * LOW HITPOINT WARNING * * *
You feel drained.
* * * LOW HITPOINT WARNING * * *
The wight freezes you.
* * * LOW HITPOINT WARNING * * *
You are too berserk!
Unknown command.
You are too berserk!
You are too berserk!
You feel a strong urge to attack something.
The kobold brigand attacks as it pursues you!
The kobold brigand closely misses you. You furiously retaliate!
You headbutt the kobold brigand! You slice the wight!!
You destroy the wight!
Trog accepts your kill.
You closely miss the kobold brigand. The kobold brigand barely misses you.
Things that are here:
a +5 spear of freezing; a +0 robe You slash the kobold!
You kill the kobold!
Trog accepts your kill.
The kobold brigand throws a poisoned dart.
The poisoned dart completely misses you.
A wight comes into view. It is wielding a +3 morningstar.
You feel a strong urge to attack something.
You are no longer berserk.
You are exhausted.
You feel yourself slow down.
A wight comes into view. It is wielding a +0 morningstar.
The wight hits you with a +3 morningstar!
* * * LOW HITPOINT WARNING * * *
You feel drained.
* * * LOW HITPOINT WARNING * * *
The wight hits you with a +3 morningstar.
You die...

##........##
##........##
#.........<#
#..........#
#..........# .
#.....[....## ...
#............
.....######............
......?@..##...........
......z##.KKK..........
.....#z ####.)........
#### #...###)###......
..#...KK# ......
........# ..K...
....../... ......
≈.......... ...
...........


You could see a kobold brigand, 2 wights and 2 kobolds.

Vanquished Creatures
  Jeremiah (D:6)
  Grinder (D:4)
  A steam dragon (D:7)
  Duvessa (D:6)
  An orc warrior (D:6)
  2 black bears (D:5)
  A crocodile (Sewer)
  An ogre (D:5)
  2 kobold brigands (Sewer)
  A brain worm (Sewer)
  A bullfrog (D:4)
  Blork the orc (D:5)
  2 scorpions (D:6)
  2 wights (D:8)
  Dowan (D:6)
  A howler monkey (D:5)
  A bombardier beetle (D:5)
  5 orc priests
  4 hounds
  A jelly (D:5)
  A sleepcap (D:6)
  Jessica (D:2)
  Natasha (thrice) (D:4)
  Terence (D:2)
  2 iguanas
  6 orc wizards
  3 river rats (Sewer)
  12 adders
  A white imp (D:6)
  5 ufetubi
  4 ribbon worms (D:2)
  24 orcs
  7 ball pythons
  4 endoplasms
  6 giant cockroaches
  4 hobgoblins
  2 jackals (D:1)
  4 quokkas
  4 bats
  4 frilled lizards
  5 goblins
  11 kobolds
  7 rats
152 creatures vanquished.

Notes
Turn   | Place    | Note
-------+----------+-------------------------------------------
     0 | D:1      | seaoflcl the Minotaur Berserker began the quest for the
                  | Orb.
     0 | D:1      | Reached XP level 1. HP: 19/19 MP: 0/0
   394 | D:1      | Reached skill level 4 in Axes
   394 | D:1      | Reached XP level 2. HP: 25/27 MP: 1/1
  1067 | D:2      | Reached XP level 3. HP: 33/33 MP: 2/2
  1105 | D:2      | Noticed Terence
  1120 | D:2      | Killed Terence
  1120 | D:2      | Reached ** piety under Trog
  1121 | D:2      | Reached skill level 5 in Axes
  1255 | D:2      | Found a runed translucent door.
  1256 | D:2      | Noticed Crazy Yiuf
  1495 | D:2      | Noticed Jessica
  1500 | D:2      | Killed Jessica
  1501 | D:2      | Reached XP level 4. HP: 30/40 MP: 3/3
  2397 | D:3      | Found a basalt altar of Yredelemnul.
  2709 | D:3      | Found a faded altar of an unknown god.
  2846 | D:3      | Reached XP level 5. HP: 46/47 MP: 4/4
  3114 | D:4      | Noticed Grinder
  3115 | D:4      | Paralysed by Grinder for 5 turns
  3126 | D:4      | Paralysed by Grinder for 2 turns
  3136 | D:4      | Paralysed by Grinder for 5 turns
  3146 | D:4      | Killed Grinder
  3147 | D:4      | Reached skill level 1 in Short Blades
  3147 | D:4      | Reached skill level 6 in Axes
  3147 | D:4      | Reached XP level 6. HP: 10/53 MP: 5/5
  3567 | D:4      | Found a staircase to the Ecumenical Temple.
  3638 | D:4      | Noticed Natasha
  3647 | D:4      | Killed Natasha
  3770 | D:4      | Noticed Natasha
  3777 | D:4      | Killed Natasha
  3778 | D:4      | Reached skill level 7 in Axes
  3998 | Temple   | Entered the Ecumenical Temple
  4017 | D:4      | Noticed Natasha
  4033 | D:4      | Killed Natasha
  4080 | D:5      | Entered Level 5 of the Dungeon
  4086 | D:5      | Reached skill level 5 in Fighting
  4086 | D:5      | Reached skill level 1 in Shields
  4086 | D:5      | Reached XP level 7. HP: 61/61 MP: 6/6
  4487 | D:5      | Found a burning altar of Makhleb.
  4487 | D:5      | Found a shimmering blue altar of Sif Muna.
  4515 | D:5      | Reached skill level 1 in Stealth
  4935 | D:5      | Reached skill level 8 in Axes
  5078 | D:5      | Found a radiant altar of Vehumet.
  5099 | D:5      | Found a blossoming altar of Fedhas.
  5273 | D:5      | Noticed Blork the orc
  5287 | D:5      | Killed Blork the orc
  5287 | D:5      | Reached *** piety under Trog
  5288 | D:5      | Reached XP level 8. HP: 42/68 MP: 7/7
  5613 | D:6      | Reached skill level 5 in Armour
  5711 | D:6      | Found a glowing drain.
  5715 | D:6      | Noticed Duvessa
  5715 | D:6      | Noticed Dowan
  5734 | Sewer    | Entered a sewer
  5937 | Sewer    | Reached skill level 9 in Axes
  6097 | Sewer    | Reached skill level 1 in Throwing
  6494 | Sewer    | Identified a scroll of acquirement
  6508 | D:6      | Killed Duvessa
  6513 | D:6      | Reached skill level 10 in Axes
  6526 | D:6      | Killed Dowan
  6526 | D:6      | Reached **** piety under Trog
  6864 | D:6      | Noticed Jeremiah
  7169 | D:6      | Killed Jeremiah
  7170 | D:6      | Reached XP level 9. HP: 51/75 MP: 8/8
  8010 | D:7      | Reached skill level 5 in Short Blades
  8106 | D:7      | Reached skill level 11 in Axes
  8995 | D:8      | HP: 3/69 [wight/+3 morningstar (1)]
  8995 | D:8      | Slain by a wight

Illustrated notes

Levels and vault maps discovered:
D:1:      onia_arrival_mini_maze_b, layout_loops_ring
D:2:      layout_basic, serial_forest, infiniplex_forest_lined_4_way,
          infiniplex_forest_3_way, infiniplex_forest_straight_4,
          infiniplex_forest_straight_2, infiniplex_forest_lined_room_2,
          infiniplex_forest_lined_ring, infiniplex_forest_split, uniq_jessica,
          uniq_terence, uniq_crazy_yiuf_cottage
D:3:      layout_loops_ring, mainiacjoe_overflow_24_doors,
          basic_ecumenical_altar, minivault_25
D:4:      layout_basic, minmay_temple_entry_grid, minmay_strange_pillars,
          uniq_grinder, uniq_natasha
D:5:      layout_layer_cave, jmf_multi_god_temple2, jmf_multi_god_temple,
          guppyfry_early_lair_pool, uniq_blork_the_orc
D:6:      layout_cave_pools, gup_sewer_entry_glass, uniq_jeremiah, uniq_duvessa
D:7:      layout_layer_cave
D:8:      layout_rooms, nicolae_qazlal_general_emergency
Temple:   nicolae_temple_two_arcs

Skill      XL: |  1  2  3  4  5  6  7  8  9 |
---------------+----------------------------+-----
Axes           | 4 5 6 7 8 10 11 | 11.2
Fighting       | 4 5 |  5.8
Short Blades   | 1 2 3 4 5 |  5.1
Armour         | 3 4 5 6 |  6.3
Dodging        | 3 |  3.5
Shields        | 1 2 3 |  3.1
Stealth        | 1 |  1.4
Throwing       | 1 2 |  2.3

Action                     |  1- 3 |  4- 6 |  7- 9 || total
---------------------------+-------+-------+-------++-------
  Melee: Hand axe          |    74 |   183 |   113 ||   370
         Headbutt          |     9 |    46 |    50 ||   105
         Battleaxe         |       |       |   199 ||   199
 Invoke: Berserk           |       |     1 |     1 ||     2
         Trog's Hand       |       |       |     1 ||     1
    Use: Scroll            |       |       |     7 ||     7
 Armour: Ring mail         |    41 |    41 |    97 ||   179
         Animal skin       |     1 |       |       ||     1
         Plate armour      |       |       |   140 ||   140
  Dodge: Dodged            |    45 |    33 |   122 ||   200
  Block: Other             |     3 |    24 |    70 ||    97
         Reflection        |       |       |     1 ||     1

Table legend: (Time is in decaauts)
 A = Elapsed time spent in this place.
 B = Non-inter-level travel time spent in this place.
 C = Inter-level travel time spent in this place.
 D = Time resting spent in this place.
 E = Time spent auto-exploring this place.
 F = Levels seen in this place.
 G = Mean time per level.
                   A        B        C        D        E       F      G
               +--------+--------+--------+--------+--------+-----+--------+
         Total |   9207 |   8608 |    599 |   1720 |   5304 |  10 |  920.7 |
       Dungeon |   8263 |   7664 |    599 |   1599 |   4748 |   8 | 1032.9 |
        Temple |      1 |      1 |      0 |      0 |      0 |   1 |    1.0 |
         Sewer |    942 |    942 |      0 |    121 |    556 |   1 |  942.0 |
               +--------+--------+--------+--------+--------+-----+--------+

Top non-repeatable levels by time:
     D:5: 1725 daAuts
     D:2: 1415 daAuts
     D:6: 1233 daAuts
     D:7: 1160 daAuts
     D:4: 1078 daAuts
   Sewer: 942 daAuts
     D:1: 938 daAuts
     D:3: 674 daAuts
     D:8: 36 daAuts
  Temple: 1 daAuts
